 Dungeon Crawl Stone Soup version 0.30.1-11-g7821555f0a (webtiles) character file.

Game seed: 5380018174724232616

16319 jfcaron the Thaumaturge (level 12, -9/77 (81) HPs)
             Began as a Gnoll Venom Mage on Nov 15, 2023.
             Was a High Priest of Ru.
             Mangled by a pharaoh ant (28 damage)
             ... on level 3 of the Lair of Beasts.
             The game lasted 00:44:32 (17112 turns).

jfcaron the Thaumaturge (Gnoll Venom Mage)         Turns: 17112, Time: 00:44:32

HP:   -9/77 (81)    AC: 14    Str: 16    XL:     12   Next: 36%
MP:   2/25          EV: 16    Int: 21    God:    Ru [*****.]
Gold: 689           SH:  0    Dex: 14    Spells: 11/29 levels left

rFire   + . .        J - +0 short sword (freeze)
rCold   + . .        (no shield)
rNeg    . . .        N - +1 robe "Tingu" {Str+5}
rPois   +            (no helmet)
rElec   .            t - +2 cloak
rCorr   .            G - +3 pair of gloves of the Komodo Dragon {*Corrode rPois Int+6}
SInv    .            v - +2 pair of boots of the Prince of Darkness {rF+ rC+}
Will    .....        C - amulet of regeneration
Stlth   ++++         m - ring of poison resistance
HPRegen 1.12/turn    U - ring of wizardry
MPRegen 0.19/turn

%: corrode self (3%), wizardry (x1)
@: exhausted, lightly drained
A: fangs 1, frail 1, no potion heal 1, inability to use devices, hated by all,
strong nose, distributed training
a: Renounce Religion, Sacrifice Essence, Sacrifice Stealth, Sacrifice
Resistance, Reject Sacrifices, Draw Out Power, Power Leap, Apocalypse


You were on level 3 of the Lair of Beasts.
You worshipped Ru.
Ru was extremely pleased with you.
You visited 2 branches of the dungeon, and saw 13 of its levels.

You collected 820 gold pieces.
You spent 131 gold pieces at shops.

Inventory:

Hand Weapons
 d - a +1 dagger
 i - a +0 trident
 I - a +0 morningstar
 J - a +0 short sword of freezing (weapon)
   (You took it off a kobold on level 7 of the Dungeon)
 K - a +0 rapier
 P - a +3 dagger
 R - a +4 hand axe
Missiles
 a - 5 javelins
 c - 141 stones
 f - 4 throwing nets {!f}
 o - 5 datura-tipped darts {!f}
 u - 22 poisoned darts
 B - 10 boomerangs
Armour
 n - a scarf of resistance
   (You found it on level 2 of the Dungeon)
 t - a +2 cloak (worn)
 v - the +2 pair of boots of the Prince of Darkness (worn) {rF+ rC+}
   (You acquired it on level 5 of the Dungeon)

   rF:        It protects you from fire.
   rC:        It protects you from cold.
 G - the +3 pair of gloves of the Komodo Dragon (worn) {*Corrode rPois Int+6}
   (You found it on level 6 of the Dungeon)

   Int:       It affects your intelligence (+6).
   rPois:     It protects you from poison.
   *Corrode:  It may corrode you when you take damage.
 N - the +1 robe "Tingu" (worn) {Str+5}
   (You bought it in a shop on level 8 of the Dungeon)

   Str:       It affects your strength (+5).
 T - a +1 ring mail of positive energy
   (You took it off an orc on level 10 of the Dungeon)
Jewellery
 e - a ring of fire
   (You took it off an orc wizard on level 6 of the Dungeon)
 m - a ring of poison resistance (left hand)
 C - an amulet of regeneration (around neck)
   (You found it on level 4 of the Dungeon)
 D - a +5 ring of evasion
   (You found it on level 4 of the Dungeon)
 U - a ring of wizardry (right hand)
   (You found it on level 1 of the Lair of Beasts)
Scrolls
 g - 2 scrolls of poison
 j - 2 scrolls of fear
 k - 3 scrolls of fog
 r - a scroll of enchant weapon
 s - 5 scrolls of enchant armour
 y - 3 scrolls of teleportation
 A - a scroll of magic mapping
 E - 3 scrolls of amnesia
 H - a scroll of vulnerability
 O - 2 scrolls of torment {unknown}
 S - 2 scrolls of blinking {unknown}
Potions
 b - 2 potions of magic
 h - 4 potions of mutation
 l - 3 potions of resistance
 p - 2 potions of berserk rage
 q - 2 potions of curing
 w - 4 potions of attraction
 x - 3 potions of invisibility
 z - 2 potions of heal wounds
 F - a potion of might
 L - 3 potions of lignification
 M - a potion of ambrosia


   Skills:
 + Level 7.5 Fighting
 + Level 7.5 Short Blades
 + Level 7.5 Long Blades
 + Level 7.5 Axes
 + Level 7.5 Maces & Flails
 + Level 7.5 Polearms
 + Level 7.5 Staves
 + Level 7.5 Ranged Weapons
 + Level 7.5 Throwing
 + Level 7.5 Armour
 + Level 8.9 Dodging
 + Level 8.6 Stealth
 + Level 7.5 Shields
 + Level 7.5 Unarmed Combat
 + Level 9.1 Spellcasting
 + Level 6.2 Conjurations
 + Level 6.2 Hexes
   Level 0.0 Summonings
 + Level 6.2 Necromancy
 + Level 6.2 Translocations
 + Level 6.6 Transmutations
 + Level 6.2 Fire Magic
 + Level 6.2 Ice Magic
 + Level 6.2 Air Magic
 + Level 6.2 Earth Magic
 + Level 8.4 Poison Magic
 + Level 8.2 Invocations
   Level 0.0 Evocations


You had 11 spell levels left.
You knew the following spells:

 Your Spells              Type           Power      Damage    Failure   Level
a - Sting                 Tmut/Pois      100%       1d8       1%          1
b - Poisonous Vapours     Pois/Air       80%        N/A       1%          2
c - Mephitic Cloud        Conj/Pois/Air  38%        N/A       1%          3
d - Olgreb's Toxic Radia  Pois           44%        N/A       1%          4
e - Ignite Poison         Fire/Tmut/Pois 39%        N/A       1%          3
f - Freezing Cloud        Conj/Ice/Air   17%        6-21      6%          5

Your spell library contained the following spells:

 Spells                   Type           Power      Damage    Failure   Level
 Cigotuvi's Dreadful Rot  Necr/Pois/Air  76%        N/A       1%          2
 Lesser Beckoning         Tloc           70%        N/A       1%          2
 Passwall                 Tmut/Erth      30%        N/A       1%          2
 Wereblood                Tmut           37%        N/A       1%          2
 Gell's Gravitas          Tloc           35%        N/A       1%          3
 Teleport Other           Tloc           35%        N/A       1%          3
 Alistair's Intoxication  Tmut/Pois      27%        N/A       3%          5
 Dragon Form              Tmut           18%        N/A       80%         7


Dungeon Overview and Level Annotations

Branches:
Dungeon (10/15)            Temple (0/1) D:5            Lair (3/5) D:8
  Swamp (0/4) Lair:2       Spider (0/4) Lair:3          Orc (0/2) D:10

Altars:
Cheibriados
Gozag
Makhleb
Ru
Uskayaw

Shops:
D:6 :   D:8 [

Annotations:
D:9 come back with Flight


Innate Abilities, Weirdness & Mutations

You have very sharp teeth.
You are frail. (-10% HP)
Potions are less effective at restoring your health.
You cannot study or use magical devices.
You are hated by all.
Your uncanny sense of smell can sniff out nearby items.
Your experience applies equally to all skills.


Message History

The pharaoh ant bites you but does no damage.
You closely miss the pharaoh ant. You bite the pharaoh ant.
The pharaoh ant is severely damaged.
The pharaoh ant bites you.
The pharaoh ant bites you but does no damage.
The pharaoh ant is stunned by your conviction and fails to attack.
The pharaoh ant is stunned by your conviction and fails to attack.
The pharaoh ant attacks as you move away!
The pharaoh ant bites you!!
* * * LOW HITPOINT WARNING * * *
You feel drained.
* * * LOW HITPOINT WARNING * * *
Ru believes you are ready to make a new sacrifice.
Okay, then.
Unknown command.
Unknown command.
Okay, then.
Unknown command.
Your system partially rejects the healing.
You feel much better. The pharaoh ant completely misses you.
The pharaoh ant bites you but does no damage.
Press: ? - help, v - describe, . - travel
Here: a pharaoh ant (severely damaged)
The floor, spattered with blood.
Unknown command.
Unknown command.
Okay, then.
You can't see any enemies this would affect, really read the scroll of fear?
Okay, then.
Casting: Olgreb's Toxic Radiance (dangerous; 1% risk of failure)
Confirm with . or Enter, or press ? or * to list all spells.
Okay, then.
Unknown command.
Throw: 6 javelins
Press: ? - help, Shift-Dir - straight line, f - pharaoh ant
Aim: a pharaoh ant (severely damaged, 72% to hit)
You throw a javelin.
The javelin barely misses the pharaoh ant.
The pharaoh ant bites you!!
You die...

.. ... #.. .... #.. .... #...
.#.# . #.^ ##..### .#
###..### #...#.#.## #....P.##
##### #.#...#.###
##.......####.#.###...#......
#......<.'...@B(##..?.[#∆ .
.#........#.P##...#...#(.....
..........####.#..#†......##F
#.........# ###..........#
##.......## ###..P.#.#...
#........# ##.#.†......
#......... ........>..
##.#.#.##. #..P....... ##.###
# #......#...


You could see a pharaoh ant.

Vanquished Creatures
  Gastronok (Lair:3)
  A hydra (Lair:1)
  2 two-headed ogres
  4 black mambas
  A torpor snail (Lair:2)
  2 unseen horrors
  5 cane toads
  2 komodo dragons
  A tarantella (Lair:3)
  A hornet (D:9)
  A troll (D:10)
  A slime creature (Lair:2)
  A jumping spider (Lair:3)
  15 yaks
  2 wyverns
  A basilisk (D:9)
  A steam dragon (D:9)
  An acid dragon (D:9)
  4 water moccasins
  8 ice beasts (D:9)
  3 orc warriors
  3 black bears
  2 sky beasts
  2 ogres (D:4)
  2 centaurs
  8 wolves
  A phantom (D:5)
  2 kobold brigands
  8 bullfrogs
  6 scorpions
  11 killer bees (D:8)
  4 howler monkeys
  5 electric eels
  2 lava snakes (D:10)
  8 jellies
  4 orc priests
  4 hounds
  An iguana (D:6)
  2 sleepcaps
  10 orc wizards
  A mummy (D:6)
  13 gnolls
  6 adders
  A white imp (D:7)
  2 ufetubi
  An adder zombie (D:2)
  2 worms (D:2)
  3 dart slugs
  34 orcs
  A bat zombie (D:2)
  18 endoplasms
  A giant cockroach (D:1)
  7 goblins
  8 hobgoblins
  3 jackals (D:1)
  5 quokkas
  8 ball pythons
  A ball python zombie (D:2)
  5 bats
  3 frilled lizards
  13 kobolds
  A quokka zombie (D:2)
  6 rats
286 creatures vanquished.

Notes
Turn   | Place    | Note
-------+----------+-------------------------------------------
     0 | D:1      | jfcaron the Gnoll Venom Mage began the quest for the Orb.
     0 | D:1      | Reached XP level 1. HP: 13/13 MP: 6/6
   220 | D:1      | Reached XP level 2. HP: 19/19 MP: 5/7
   442 | D:1      | Reached skill level 5 in Spellcasting
   442 | D:1      | Reached XP level 3. HP: 25/25 MP: 5/9
   593 | D:1      | Learned a level 2 spell: Poisonous Vapours
   712 | D:1      | Reached skill level 1 in Invocations
  1304 | D:2      | Reached skill level 1 in Fighting
  1304 | D:2      | Reached skill level 1 in Short Blades
  1304 | D:2      | Reached skill level 1 in Long Blades
  1304 | D:2      | Reached skill level 1 in Axes
  1304 | D:2      | Reached skill level 1 in Maces & Flails
  1304 | D:2      | Reached skill level 1 in Polearms
  1304 | D:2      | Reached skill level 1 in Staves
  1304 | D:2      | Reached skill level 1 in Ranged Weapons
  1304 | D:2      | Reached skill level 1 in Throwing
  1304 | D:2      | Reached skill level 1 in Armour
  1304 | D:2      | Reached skill level 1 in Shields
  1304 | D:2      | Reached skill level 1 in Unarmed Combat
  1304 | D:2      | Reached skill level 1 in Evocations
  1423 | D:2      | Reached XP level 4. HP: 32/32 MP: 9/11
  1799 | D:2      | Reached skill level 1 in Conjurations
  1799 | D:2      | Reached skill level 1 in Hexes
  1799 | D:2      | Reached skill level 1 in Summonings
  1799 | D:2      | Reached skill level 1 in Necromancy
  1799 | D:2      | Reached skill level 1 in Translocations
  1799 | D:2      | Reached skill level 1 in Fire Magic
  1799 | D:2      | Reached skill level 1 in Ice Magic
  1799 | D:2      | Reached skill level 1 in Air Magic
  1799 | D:2      | Reached skill level 1 in Earth Magic
  2606 | D:3      | Noticed a sky beast
  2624 | D:3      | Killed a sky beast
  2625 | D:3      | Reached XP level 5. HP: 14/38 MP: 1/12
  2879 | D:3      | Found a faded altar of an unknown god.
  2901 | D:3      | Prayed at the altar of an unknown god.
  2901 | D:3      | Became a worshipper of Ru the Awakened
  2908 | D:3      | jfcaron: ??Sac words
  2908 | D:3      | beem: sacrifice words[1/2]: When hit hard enough (at least
                  | 4% of max hp, guaranteed at 20% of max hp or if your
                  | current hp drops below 30% max) you lose the ability to
                  | read scrolls for a few turns. Worth 30 piety, plus 10 if
                  | you have already sacrificed drink (or 15 if you are mummy
                  | and cannot drink).
  2908 | D:3      | jfcaron: ??Sac artifice
  2908 | D:3      | beem: sacrifice artifice[1/1]: Sets Evocations skill to 0.
                  | You can't evoke the special effects of
                  | equipment/weapons/rings. You can't evoke wands and misc
                  | evocables. Worth 55 piety, 45 if you are {hated by all}
  2908 | D:3      | jfcaron: ??Sac Experience
  2908 | D:3      | beem: sacrifice experience[1/1]: Reduces current and max
                  | attainable experience level by 2. Worth 35 piety, plus 6 if
                  | you've also sacrificed courage, plus 10 if you're a
                  | demonspawn (or djinni for whom this sacrifice would cost a
                  | spell).
  2908 | D:3      | Gained mutation: You cannot study or use magical devices.
                  | [Ru sacrifice]
  2908 | D:3      | Reached * piety under Ru
  2908 | D:3      | Reached ** piety under Ru
  2967 | D:3      | Reached XP level 6. HP: 33/44 MP: 5/13
  3634 | D:3      | Reached skill level 5 in Dodging
  4078 | D:3      | Learned a level 3 spell: Mephitic Cloud
  4083 | D:3      | Learned a level 4 spell: Olgreb's Toxic Radiance
  4223 | D:4      | Found a hide-covered altar of Uskayaw.
  4373 | D:4      | HP: 5/44 [ogre/+0 giant spiked club (12)]
  4376 | D:4      | Reached XP level 7. HP: 7/51 MP: 7/15
  5231 | D:4      | Reached skill level 5 in Stealth
  5638 | D:4      | Found a basalt altar of Yredelemnul.
  5785 | D:5      | Entered Level 5 of the Dungeon
  5888 | D:5      | Identified a scroll of acquirement
  5888 | D:5      | Acquired the +2 pair of boots of the Prince of Darkness
                  | {rF+ rC+}
  6093 | D:5      | Found a staircase to the Ecumenical Temple.
  6209 | D:5      | Found an opulent altar of Gozag.
  6266 | D:5      | Reached XP level 8. HP: 58/58 MP: 16/16
  6539 | D:5      | Reached skill level 6 in Spellcasting
  6705 | D:5      | Learned a level 3 spell: Ignite Poison
  6975 | D:6      | jfcaron: ??sac essence
  6975 | D:6      | beem: sacrifice essence[1/2]: One level of -Wiz, -Will or
                  | -10% MP. (The specific one is shown in the ability menu.)
  6975 | D:6      | jfcaron: ??sac eye
  6975 | D:6      | beem: sacrifice eye[1/1]: A Ru sacrifice that gives you the
                  | effect of an amulet of inaccuracy, stacking with any
                  | amulets of inaccuracy you're wearing. Worth 25 base piety.
  6975 | D:6      | jfcaron: ??sac love
  6975 | D:6      | beem: sacrifice love[1/3]: You are hated by all - Excluding
                  | OOD/ball lightning/battlesphere/spectral weapon/fulminant
                  | prism. Everything in the dungeon is hostile on sight.
                  | Charming doesn't work. Worth 40 piety, half that if you've
                  | sacrificed either summoning spells or artifice, worth 1
                  | piety if you've sacrificed both.
  6975 | D:6      | jfcaron: ??sac essence[2
  6975 | D:6      | beem: sacrifice essence[2/2]: -Wiz is worth 2 piety, plus a
                  | bonus related to your int and spellcasting skill. -Will is
                  | worth 35 piety. -10% MP is worth 10 piety, plus a bonus
                  | related to the higher of your invocations and spellcasting
                  | skills.
  6975 | D:6      | Gained mutation: You are hated by all. [Ru sacrifice]
  6975 | D:6      | Reached *** piety under Ru
  7245 | D:6      | Identified the +3 pair of gloves of the Komodo Dragon
                  | {*Corrode rPois Int+6}
  7580 | D:6      | Found Logey's Self-Improvement Boutique.
  7938 | D:6      | Reached XP level 9. HP: 65/65 MP: 10/18
  8009 | D:6      | Found a snail-covered altar of Cheibriados.
  8407 | D:7      | Got the Tome of the Hidden Priests
  9423 | D:8      | Found Qebios's Antique Armour Boutique.
  9439 | D:8      | Bought a faintly glowing robe for 131 gold pieces
  9439 | D:8      | Identified the +1 robe "Tingu" {Str+5} (You bought it in a
                  | shop on level 8 of the Dungeon)
  9537 | D:8      | Found a staircase to the Lair.
  9694 | D:8      | Reached skill level 5 in Invocations
  9697 | D:8      | jfcaron: ??sac hand
  9697 | D:8      | beem: sacrifice hand[1/1]: Worth 65 piety (slightly more if
                  | you had shields skill). 1) Your shield skill is 0 and you
                  | cannot wear a shield/use the offhand punch in uc (even
                  | formicids). 2) You cannot wield weapons that require two
                  | hands for your race (formicids can still use all weapons).
                  | 3) You lose one ring slot.
  9697 | D:8      | jfcaron: ??sac health
  9697 | D:8      | beem: sacrifice health[1/2]: One level of frail, -3 AC, or
                  | -3 EV. (Ru will pick one at random then let you accept or
                  | decline.)
  9697 | D:8      | jfcaron: ??sac health[2
  9697 | D:8      | beem: sacrifice health[2/2]: Frail is worth 35 piety, AC
                  | worth 30, and EV worth 25.
  9697 | D:8      | jfcaron: ??sac words
  9697 | D:8      | beem: sacrifice words[1/2]: When hit hard enough (at least
                  | 4% of max hp, guaranteed at 20% of max hp or if your
                  | current hp drops below 30% max) you lose the ability to
                  | read scrolls for a few turns. Worth 30 piety, plus 10 if
                  | you have already sacrificed drink (or 15 if you are mummy
                  | and cannot drink).
  9697 | D:8      | Gained mutation: You are frail. (-10% HP) [Ru sacrifice]
  9697 | D:8      | Reached **** piety under Ru
  9722 | D:8      | HP: 16/88 [orc warrior/+0 halberd (13)]
  9725 | D:8      | Reached skill level 7 in Spellcasting
 10008 | D:8      | Found a burning altar of Makhleb.
 10008 | D:8      | Noticed a cacodemon
 10351 | D:9      | Noticed a hornet
 10356 | D:9      | Killed a hornet
 10357 | D:9      | Reached skill level 5 in Fighting
 10357 | D:9      | Reached skill level 5 in Short Blades
 10357 | D:9      | Reached skill level 5 in Long Blades
 10357 | D:9      | Reached skill level 5 in Axes
 10357 | D:9      | Reached skill level 5 in Maces & Flails
 10357 | D:9      | Reached skill level 5 in Polearms
 10357 | D:9      | Reached skill level 5 in Staves
 10357 | D:9      | Reached skill level 5 in Ranged Weapons
 10357 | D:9      | Reached skill level 5 in Throwing
 10357 | D:9      | Reached skill level 5 in Armour
 10357 | D:9      | Reached skill level 5 in Shields
 10357 | D:9      | Reached skill level 5 in Unarmed Combat
 10357 | D:9      | Reached XP level 10. HP: 66/66 MP: 13/20
 10827 | D:9      | Noticed a two-headed ogre
 10848 | D:9      | Killed a two-headed ogre
 10849 | D:9      | Reached skill level 5 in Transmutations
 11490 | D:9      | Killed an unseen horror
 12226 | D:10     | Entered Level 10 of the Dungeon
 12252 | D:10     | Noticed a two-headed ogre
 12259 | D:10     | Killed a two-headed ogre
 12336 | D:10     | Found a staircase to the Orcish Mines.
 12387 | D:10     | Killed an unseen horror
 12388 | D:10     | Reached skill level 5 in Conjurations
 12388 | D:10     | Reached skill level 5 in Hexes
 12388 | D:10     | Reached skill level 5 in Necromancy
 12388 | D:10     | Reached skill level 5 in Translocations
 12388 | D:10     | Reached skill level 5 in Fire Magic
 12388 | D:10     | Reached skill level 5 in Ice Magic
 12388 | D:10     | Reached skill level 5 in Air Magic
 12388 | D:10     | Reached skill level 5 in Earth Magic
 12388 | D:10     | Reached XP level 11. HP: 72/72 MP: 15/22
 12442 | D:10     | Reached skill level 8 in Spellcasting
 13776 | Lair:1   | Entered Level 1 of the Lair of Beasts
 13835 | Lair:1   | Learned a level 5 spell: Freezing Cloud
 14227 | Lair:1   | Noticed a seven-headed hydra
 14235 | Lair:1   | Killed a seven-headed hydra
 14531 | Lair:1   | jfcaron: ??sac purity
 14531 | Lair:1   | beem: sacrifice purity[1/3]: One level of shoutitis, slow
                  | healing, no potion heal, dopey, clumsy or weak. (The choice
                  | is shown in the ability menu.)
 14531 | Lair:1   | jfcaron: ??sac purity[2
 14531 | Lair:1   | beem: sacrifice purity[2/3]: Shoutitis is worth 7 base
                  | piety, inhibited regen is worth 14 base piety,
                  | no-potion-heal is worth 14 base piety. These are all
                  | increased by 50% if taken again, and 100% if taken a third
                  | time.
 14531 | Lair:1   | jfcaron: ??no potion heal
 14531 | Lair:1   | beem: no potion heal[1/2]: Level 1 halves potion healing
                  | (from !curing, !hw, !ambrosia); level 2 drops it to 0. Does
                  | not affect other sources of healing. VS start with level 2.
 14531 | Lair:1   | jfcaron: ??sac nimbleness
 14531 | Lair:1   | beem: sacrifice nimbleness[1/1]: Your dodging is set to 0
                  | and you can't train it. Worth 30 piety.. Worth 28 more
                  | piety if your species can't wear much armour
                  | (felid/octopode/draconian) or 20 more if you also sacrifice
                  | durability.
 14531 | Lair:1   | jfcaron: ??Sac arcana
 14531 | Lair:1   | beem: sacrifice arcana[1/2]: Sacrifice three spell schools
                  | - Ru picks randomly, and they are shown in the ability
                  | menu. These schools are permanently set to 0 and you can't
                  | memorize or cast any spells that fall under them, including
                  | double/triple school spells. Worth 25 piety plus a bonus
                  | for having trained now-useless skills
 14531 | Lair:1   | Gained mutation: Potions are less effective at restoring
                  | your health. [Ru sacrifice]
 14531 | Lair:1   | Reached ***** piety under Ru
 14693 | Lair:1   | HP: 13/74 [poisoned by a cane toad]
 14698 | Lair:1   | HP: 11/74 [poisoned by a cane toad]
 15415 | Lair:2   | Found a staircase to the Swamp.
 15851 | Lair:2   | Reached XP level 12. HP: 60/81 MP: 16/24
 16785 | Lair:2   | Reached skill level 9 in Spellcasting
 17086 | Lair:3   | Noticed Gastronok
 17098 | Lair:3   | Found a hole to the Spider Nest.
 17101 | Lair:3   | Killed Gastronok
 17110 | Lair:3   | HP: 11/81 [pharaoh ant (27)]
 17110 | Lair:3   | HP: 4/77 [pharaoh ant (7)]
 17112 | Lair:3   | Mangled by a pharaoh ant

Illustrated notes

Levels and vault maps discovered:
D:1:      dpeg_arrival_renting, layout_rooms, serial_bayou, serial_bayou_pond_e,
          serial_bayou_pond_b, serial_bayou_crossing, serial_bayou_shore_b
D:2:      layout_loops_cross, serial_undead, serial_undead_e, serial_undead_c,
          serial_undead_f, serial_undead_d, st_stairs_8, minmay_box_of_dots
D:3:      layout_basic, chequers_ecumenical_altar_simple_redux
D:4:      layout_basic, old_standard_altar,
          nicolae_uskayaw_murder_on_the_dancefloor
D:5:      layout_basic, lemuel_round_altar,
          minmay_temple_entry_statues_fountains,
          hangedman_abyss_or_decor_stagger, minmay_misc_feat_tower,
          moated_statue
D:6:      nicolae_cairo_tiling_large, layout_basic, slow_altar_1,
          serial_park_tiny_pond, nicolae_shop_self_help
D:7:      layout_basic
D:8:      layout_basic, makhleb_altar_promises_db, lair_entry_dummy,
          serial_shops, nicolae_stop_n_shop_1
D:9:      minmay_twisted_water, layout_basic
D:10:     layout_loops_ring, orc_david_3, kennysheep_cross_bottleneck,
          chequers_serial_rivers_micro_a
Lair:1:   layout_cave_pods, serial_bayou_pond_c, minivault_26, lemuel_fruit_tree
Lair:2:   lemuel_slime, layout_layer_cave, swamp_mist, infiniplex_staircase_pool
Lair:3:   layout_roguey, nicolae_spider_entry_lesser_pyramids,
          serial_bayou_shore_b, uniq_gastronok

Skill      XL: |  1  2  3  4  5  6  7  8  9 10 11 12 |
---------------+-------------------------------------+-----
Transmutations | 2 3 4 5 6 |  6.6
Spellcasting   | 5 6 7 8 9 |  9.1
Invocations    | 1 2 3 4 5 6 7 8 |  8.2
Fighting       | 1 2 3 5 6 7 |  7.5
Short Blades   | 1 2 3 5 6 7 |  7.5
Long Blades    | 1 2 3 5 6 7 |  7.5
Axes           | 1 2 3 5 6 7 |  7.5
Maces & Flails | 1 2 3 5 6 7 |  7.5
Polearms       | 1 2 3 5 6 7 |  7.5
Staves         | 1 2 3 5 6 7 |  7.5
Ranged Weapons | 1 2 3 5 6 7 |  7.5
Throwing       | 1 2 3 5 6 7 |  7.5
Armour         | 1 2 3 5 6 7 |  7.5
Shields        | 1 2 3 5 6 7 |  7.5
Unarmed Combat | 1 2 3 5 6 7 |  7.5
Evocations     | 1 0 |  0.0
Conjurations   | 1 2 3 4 5 6 |  6.2
Hexes          | 1 2 3 4 5 6 |  6.2
Summonings     | 1 2 0 |  0.0
Necromancy     | 1 2 3 4 5 6 |  6.2
Translocations | 1 2 3 4 5 6 |  6.2
Fire Magic     | 1 2 3 4 5 6 |  6.2
Ice Magic      | 1 2 3 4 5 6 |  6.2
Air Magic      | 1 2 3 4 5 6 |  6.2
Earth Magic    | 1 2 3 4 5 6 |  6.2
Dodging        | 5 6 7 8 |  8.9
Stealth        | 5 6 7 8 |  8.6
Poison Magic   | 6 7 8 |  8.4

Action                     |  1- 3 |  4- 6 |  7- 9 | 10-12 || total
---------------------------+-------+-------+-------+-------++-------
  Melee: Unarmed           |     4 |       |       |       ||     4
         Bite              |     3 |     3 |    16 |    28 ||    50
         Dagger            |    17 |    36 |   125 |       ||   178
         Punch             |       |       |     8 |    10 ||    18
         Short sword       |       |       |    31 |   137 ||   168
  Throw: Stone             |       |       |     1 |     4 ||     5
         Dart              |       |       |     8 |     2 ||    10
         Javelin           |       |       |     7 |     2 ||     9
   Cast: Sting             |    57 |    74 |    76 |    43 ||   250
         Poisonous Vapours |     7 |    42 |    71 |    66 ||   186
         Olgreb's Toxic Ra |       |       |    18 |    31 ||    49
         Ignite Poison     |       |       |     2 |    33 ||    35
         Mephitic Cloud    |       |       |     2 |    18 ||    20
         Freezing Cloud    |       |       |       |     6 ||     6
 Invoke: Sacrifice Artific |       |     1 |       |       ||     1
         Sacrifice Love    |       |       |     1 |       ||     1
         Sacrifice Health  |       |       |     1 |       ||     1
         Power Leap        |       |       |       |     4 ||     4
         Sacrifice Purity  |       |       |       |     1 ||     1
    Use: Scroll            |       |    10 |    10 |     3 ||    23
         Potion            |       |       |     2 |     1 ||     3
   Stab: Sleeping          |       |     2 |     4 |     2 ||     8
         Petrified         |       |       |       |     2 ||     2
         Invisible         |       |       |       |     2 ||     2
         Distracted        |       |       |       |     1 ||     1
 Armour: Robe              |     9 |    20 |    10 |    38 ||    77
         Leather armour    |       |       |    39 |       ||    39
         Skin              |       |       |    15 |       ||    15
  Dodge: Dodged            |    25 |    57 |   161 |   121 ||   364

Table legend: (Time is in decaauts)
 A = Elapsed time spent in this place.
 B = Non-inter-level travel time spent in this place.
 C = Inter-level travel time spent in this place.
 D = Time resting spent in this place.
 E = Time spent auto-exploring this place.
 F = Levels seen in this place.
 G = Mean time per level.
                   A        B        C        D        E       F      G
               +--------+--------+--------+--------+--------+-----+--------+
         Total |  17087 |  15869 |   1218 |   2597 |  11074 |  13 | 1314.4 |
       Dungeon |  13773 |  12652 |   1121 |   2008 |   8826 |  10 | 1377.3 |
          Lair |   3314 |   3217 |     97 |    589 |   2248 |   3 | 1104.7 |
               +--------+--------+--------+--------+--------+-----+--------+

Top non-repeatable levels by time:
  Lair:2: 1787 daAuts
     D:3: 1783 daAuts
     D:4: 1729 daAuts
     D:9: 1570 daAuts
  Lair:1: 1484 daAuts
    D:10: 1310 daAuts
     D:8: 1304 daAuts
     D:1: 1285 daAuts
     D:6: 1255 daAuts
     D:7: 1192 daAuts
     D:2: 1172 daAuts
     D:5: 1169 daAuts
  Lair:3: 42 daAuts

Table legend:
 A = Kills in this place as a percentage of kills in the entire game.
 B = Kills by you in this place as a percentage of kills by you in the entire game.
 C = Kills by friends in this place as a percentage of kills by friends in the entire game.
 D = Other kills in this place as a percentage of other kills in the entire game.
 E = Experience gained in this place as a percentage of experience gained in the entire game.
 F = Experience gained in this place divided by the number of levels of this place that you have seen.
                   A       B       C       D       E      F
               +-------+-------+-------+-------+-------+----------------------
         Total | 100.0 | 100.0 |   N/A | 100.0 | 100.0 | 1793.4
       Dungeon |  76.9 |  77.3 |   N/A |  50.0 |  44.4 | 1036.1
          Lair |  23.1 |  22.7 |   N/A |  50.0 |  55.6 | 4317.7
               +-------+-------+-------+-------+-------+----------------------

Levels and vault maps discovered:
D:1:      dpeg_arrival_renting, layout_rooms, serial_bayou, serial_bayou_pond_e,
          serial_bayou_pond_b, serial_bayou_crossing, serial_bayou_shore_b
D:2:      layout_loops_cross, serial_undead, serial_undead_e, serial_undead_c,
          serial_undead_f, serial_undead_d, st_stairs_8, minmay_box_of_dots
D:3:      layout_basic, chequers_ecumenical_altar_simple_redux
D:4:      layout_basic, old_standard_altar,
          nicolae_uskayaw_murder_on_the_dancefloor
D:5:      layout_basic, lemuel_round_altar,
          minmay_temple_entry_statues_fountains,
          hangedman_abyss_or_decor_stagger, minmay_misc_feat_tower,
          moated_statue
D:6:      nicolae_cairo_tiling_large, layout_basic, slow_altar_1,
          serial_park_tiny_pond, nicolae_shop_self_help
D:7:      layout_basic
D:8:      layout_basic, makhleb_altar_promises_db, lair_entry_dummy,
          serial_shops, nicolae_stop_n_shop_1
D:9:      minmay_twisted_water, layout_basic
D:10:     layout_loops_ring, orc_david_3, kennysheep_cross_bottleneck,
          chequers_serial_rivers_micro_a
Lair:1:   layout_cave_pods, serial_bayou_pond_c, minivault_26, lemuel_fruit_tree
Lair:2:   lemuel_slime, layout_layer_cave, swamp_mist, infiniplex_staircase_pool
Lair:3:   layout_roguey, nicolae_spider_entry_lesser_pyramids,
          serial_bayou_shore_b, uniq_gastronok
